 Dungeon Crawl Stone Soup version 0.28.0-45-g0d030f2227 (webtiles) character file.

Game seed: 9783920506955102810

74 NinjaNoafa the Ruffian (level 4, -1/39 HPs)
             Began as a Ghoul Monk on Apr 14, 2022.
             Killed from afar by a dart slug (2 damage)
             ... with a slug dart
             ... on level 3 of the Dungeon.
             The game lasted 00:05:19 (2104 turns).

NinjaNoafa the Ruffian (Ghoul Monk)                 Turns: 2104, Time: 00:05:20

Health: -1/39      AC:  2    Str: 16      XL:     4   Next: 30%
Magic:  3/3        EV: 12    Int:  3 (5)  God:
Gold:   127        SH:  0    Dex: 11      Spells: 3/3 levels left

rFire   . . .      SeeInvis .   d - staff of earth
rCold   + . .      Faith    .   (no shield)
rNeg    + + +      Spirit   .   a - +0 robe
rPois   ∞          Reflect  .   (no helmet)
rElec   .          Harm     .   (no cloak)
rCorr   .          Rampage  .   (no gloves)
Will    .....                   (no boots)
Stlth   ++........              (no amulet)
HPRegen 0.00/turn               b - +4 ring of slaying
MPRegen 0.08/turn               (no ring)

@: weak-willed, inhibited regen
A: claws 1, cold resistance 1, negative energy resistance 3, inhibited
regeneration, torment resistance 2
a: no special abilities


You were on level 3 of the Dungeon.
You visited 1 branch of the dungeon, and saw 3 of its levels.

You collected 127 gold pieces.

Inventory:

Missiles
 e - 51 stones (quivered)
Armour
 a - a +0 robe (worn)
Magical Staves
 d - a staff of earth (weapon)
Jewellery
 b - a +4 ring of slaying (left claw)
Potions
 c - a potion of lignification


   Skills:
 - Level 3.6 Fighting
 + Level 3.0 Dodging
 - Level 2.7 Stealth
 + Level 4.5 Unarmed Combat
 * Level 0.5 Earth Magic
 * Level 0.2 Evocations


You had 3 spell levels left.
You didn't know any spells.
Your spell library was empty.

Dungeon Overview and Level Annotations

Branches:
Dungeon (3/15)

Altars:

Annotations:
D:3 Grinder


Innate Abilities, Weirdness & Mutations

You thrive by killing the living.
You are immune to poison.
You have sharp fingernails.
Your flesh is cold resistant. (rC+)
You are immune to negative energy. (rN+++)
You do not regenerate when monsters are visible.
You are immune to unholy pain and torment.


Message History

You closely miss Grinder.
Grinder is moderately wounded.
Grinder hits you!
* * * LOW HITPOINT WARNING * * *
The bat barely misses you. Grinder hits you.
* * * LOW HITPOINT WARNING * * *
You hit Grinder.
Grinder is moderately wounded.
The bat hits you but does no damage. x2; Grinder misses you.
You hit Grinder.
Grinder is heavily wounded.
The bat closely misses you. Grinder hits you but does no damage.
You hit Grinder.
Grinder is heavily wounded.
The bat hits you but does no damage. Grinder gestures at you.
You struggle to resist.
You completely miss Grinder.
Grinder is heavily wounded.
The bat hits you but does no damage. Grinder hits you.
* * * LOW HITPOINT WARNING * * *
You hit Grinder.
Grinder is heavily wounded.
The bat hits you.
* * * LOW HITPOINT WARNING * * *
Grinder blinks!
The bat hits you.
* * * LOW HITPOINT WARNING * * *
You hit the bat.
You kill the bat!
Grinder drinks a potion.
Grinder is healed!
Grinder says, "Just stop there for a second..."
A dart slug comes into view.
A hobgoblin comes into view.
The hobgoblin shouts!
Grinder opens the door.
Grinder blinks!
The dart slug launches a dart at you. The slug dart hits you.
You die...

# #. #. ### #
##..#.. #.#
##...#.######...#
.#....5..........#
.....##.#...####...#
........'@g.+ ...###
....w##.#...# #.#.#
.... #.##### #.#..
##w #.....# #.#.# ..
#.....###.#.########
.
#.........#.........
#..†..........######
#.............#
#.............#


You could see Grinder (weak-willed), a dart slug and a hobgoblin.

Vanquished Creatures
  An adder (D:2)
  A dart slug (D:3)
  An orc (D:2)
  6 bats
  5 endoplasms
  3 giant cockroaches
  8 goblins
  10 hobgoblins
  2 jackals (D:1)
  2 kobolds (D:1)
  A quokka (D:1)
  7 ball pythons
  A frilled lizard (D:2)
  6 rats
54 creatures vanquished.

Vanquished Creatures (others)
  2 fungi (D:1)
  A plant (D:1)
3 creatures vanquished.

Grand Total: 57 creatures vanquished

Notes
Turn   | Place    | Note
-------+----------+-------------------------------------------
     0 | D:1      | NinjaNoafa the Ghoul Monk began the quest for the Orb.
     0 | D:1      | Reached XP level 1. HP: 19/19 MP: 0/0
   182 | D:1      | Reached XP level 2. HP: 12/26 MP: 1/1
   612 | D:1      | Reached XP level 3. HP: 31/31 MP: 2/2
   941 | D:1      | Reached skill level 4 in Unarmed Combat
   950 | D:1      | Found a faded altar of an unknown god.
  1263 | D:2      | Identified a scroll of acquirement
  1263 | D:2      | Acquired a staff of earth
  1282 | D:2      | Reached XP level 4. HP: 39/39 MP: 3/3
  2067 | D:3      | Noticed Grinder
  2088 | D:3      | HP: 1/39 [bat (1)]
  2104 | D:3      | Killed from afar by a dart slug

Illustrated notes

Levels and vault maps discovered:
D:1:      dpeg_arrival_round_a, layout_basic, dreamdust_ecumenical_altar_grove
D:2:      layout_basic, chequers_serial_rivers_micro_a
D:3:      layout_basic, uniq_grinder, uniq_robin

Skill      XL: |  1  2  3 |
---------------+----------+-----
Unarmed Combat | 4 |  4.5
Dodging        | 3 |  3.0
Fighting       | |  3.6
Stealth        | |  2.7
Earth Magic    | |  0.5
Evocations     | |  0.2

Action                   |  1- 3 |  4- 6 || total
-------------------------+-------+-------++-------
Melee: Unarmed           |    77 |       ||    77
       Punch             |     2 |       ||     2
       Staff             |     1 |    44 ||    45
  Use: Scroll            |     2 |     1 ||     3
       Potion            |     2 |       ||     2
 Stab: Sleeping          |     5 |     2 ||     7
Armor: Robe              |    23 |    10 ||    33
Dodge: Dodged            |    79 |    39 ||   118
